 Seeded DCSS version 0.30-a0-394-g3e4acdb0ae (webtiles) character file.

Game seed: 12282449699847839734 (custom seed)

128 NinjaNoafa the Ducker (level 5, -17/41 HPs)
             Began as a Merfolk Gladiator on Dec 6, 2022.
             Demolished by an ogre
             ... wielding a +0 giant spiked club
              (25 damage)
             ... on level 4 of the Dungeon.
             The game lasted 00:03:04 (2578 turns).

NinjaNoafa the Ducker (Merfolk Gladiator)           Turns: 2578, Time: 00:03:05

Health: -17/41     AC:  4    Str: 12 (14) XL:     5   Next: 12%
Magic:  5/5        EV: 14    Int:  5 (7)  God:
Gold:   152        SH:  0    Dex: 17 (18) Spells: 4/4 levels left

rFire   . . .      SeeInvis .    a - +0 long sword
rCold   . . .      Faith    +    (no shield)
rNeg    . . .      Spirit   .    b - +0 leather armour
rPois   .          Reflect  .    c - +0 helmet
rElec   .          Harm     .    (no cloak)
rCorr   .          Rampage  .    (no gloves)
Will    .....                    (no boots)
Stlth   +.........               h - amulet of faith
HPRegen 0.26/turn                r - ring of flight
MPRegen 0.09/turn                (no ring)

@: flying
A: (nimble swimmer 2), mertail
a: no special abilities


You were on level 4 of the Dungeon.
You visited 1 branch of the dungeon, and saw 4 of its levels.

You collected 152 gold pieces.

Inventory:

Hand Weapons
 a - a +0 long sword (weapon)
Missiles
 d - 2 throwing nets (quivered)
 i - 12 poisoned darts
 o - 12 stones
 p - 3 boomerangs
Armour
 b - a +0 leather armour (worn)
 c - a +0 helmet (worn)
Jewellery
 h - an amulet of faith (around neck)
 r - a ring of flight (left hand)
Scrolls
 e - 2 scrolls of silence {unknown}
 l - 2 scrolls of identify {unknown}
 q - a scroll of fear {unknown}
 s - a scroll of teleportation {unknown}
Potions
 f - a potion of degeneration
 g - 2 potions of heal wounds {unknown}
 k - a potion of flight
 m - 2 potions of curing
 n - a potion of cancellation {unknown}


   Skills:
 + Level 3.6 Fighting
 + Level 4.9 Long Blades
 - Level 2.0 Throwing
 + Level 5.4 Dodging


You had 4 spell levels left.
You didn't know any spells.
Your spell library contained the following spells:

 Spells                   Type           Power      Damage    Failure   Level
 Apportation              Tloc           0%         N/A       56%         1
 Necrotise                Necr           0%         1d4       56%         1
 Summon Small Mammal      Summ           0%         N/A       56%         1


Dungeon Overview and Level Annotations

Branches:
Dungeon (4/15)
 Temple: D:4-7

Altars:
Sif Muna

Annotations:
D:3 exclusion: door


Innate Abilities, Weirdness & Mutations

((You are very nimble when in or above water. (Stealth+, EV+, Speed+++)))
Your lower body shifts to a powerful aquatic tail in water.


Message History

You fly downwards.
The orc shouts!
You hear a shout!
There is a stone staircase leading up here.
An orc is nearby!
An orc is nearby!
Okay, then.
The orc completely misses you.
You hit the orc.
The orc is moderately wounded.
The orc hits you with a +0 dagger.
You slash the orc!
You kill the orc!
An ogre comes into view. It is wielding a +0 giant spiked club.
You see here a +0 dagger.
Throw: 3 boomerangs
Press: ? - help, Q - select action, (/) - cycle Shift-Dir - straight line, f - ogre
Aim: an ogre, wielding a +0 giant spiked club (wandering, hasn't noticed you, 76% to hit)
You throw a boomerang. The ogre shouts!
The boomerang hits the ogre.
The ogre is lightly wounded.
Throw: 3 boomerangs
Press: ? - help, Q - select action, (/) - cycle Shift-Dir - straight line, f/p - ogre
Aim: an ogre, wielding a +0 giant spiked club (lightly wounded, 76% to hit)
You throw a boomerang. The boomerang barely misses the ogre.
Throw: 3 boomerangs
Press: ? - help, Q - select action, (/) - cycle Shift-Dir - straight line, p - ogre
Okay, then.
Throw: javelin
Press: ? - help, Q - select action, (/) - cycle Shift-Dir - straight line, f/p - ogre
Aim: an ogre, wielding a +0 giant spiked club (lightly wounded, 76% to hit)
You throw a javelin. The javelin pierces through the ogre!
The ogre is heavily wounded.
The ogre hits you with a +0 giant spiked club!!
Ouch! That really hurt!
* * * LOW HITPOINT WARNING * * *
The ogre attacks as you move away!
The ogre hits you with a +0 giant spiked club!!
Ouch! That really hurt!
You die...

#....<.)..(#
........##...#####
...............#.###
......##...........#
.....###.........###
.....#...........#
...............###
...........O..##
.......@...#
...###.##..# .# ##
#.## ###


You could see an ogre.

Vanquished Creatures
  Natasha (D:2)
  2 adders
  2 worms (D:2)
  2 dart slugs (D:1)
  9 orcs
  5 ball pythons
  9 bats
  7 endoplasms
  4 giant cockroaches
  3 goblins
  2 hobgoblins
  2 jackals (D:1)
  2 kobolds
  5 quokkas
  2 frilled lizards (D:2)
  4 rats
61 creatures vanquished.

Notes
Turn   | Place    | Note
-------+----------+-------------------------------------------
     0 | D:1      | NinjaNoafa the Merfolk Gladiator began the quest for the
                  | Orb.
     0 | D:1      | Reached XP level 1. HP: 16/16 MP: 1/1
   189 | D:1      | Reached XP level 2. HP: 23/23 MP: 2/2
   580 | D:1      | Reached XP level 3. HP: 26/28 MP: 3/3
  1270 | D:2      | Reached XP level 4. HP: 35/35 MP: 4/4
  1307 | D:2      | Noticed Natasha
  1317 | D:2      | Killed Natasha
  1318 | D:2      | Reached skill level 5 in Dodging
  1382 | D:2      | Found a shimmering blue altar of Sif Muna.
  2258 | D:3      | Reached XP level 5. HP: 14/41 MP: 5/5
  2565 | D:4      | Noticed an ogre
  2578 | D:4      | Demolished by an ogre

Illustrated notes

Levels and vault maps discovered:
D:1:      spicycebolla_arrival_risky_transporter, layout_basic
D:2:      layout_loops_ring, basic_altar, uniq_natasha
D:3:      layout_loops_cross, dilly_guarded_unrand_throatcut
D:4:      layout_cave_pools, grunt_ministairs_1, grunt_decor_one_mirror,
          due_unseen_surprise

Skill      XL: |  1  2  3  4 |
---------------+-------------+-----
Long Blades    | 4 |  4.9
Fighting       | 3 |  3.6
Dodging        | 5 |  5.4
Throwing       | |  2.0

Action                   |  1- 3 |  4- 6 || total
-------------------------+-------+-------++-------
Melee: Long sword        |    96 |    82 ||   178
       Punch             |       |     1 ||     1
Throw: Javelin           |     3 |     1 ||     4
       Throwing net      |     3 |       ||     3
       Boomerang         |       |     2 ||     2
  Use: Potion            |       |     3 ||     3
 Stab: Sleeping          |     1 |     1 ||     2
Armor: Leather armour    |    23 |    23 ||    46
Dodge: Dodged            |    99 |    80 ||   179

Table legend: (Time is in decaauts)
 A = Elapsed time spent in this place.
 B = Non-inter-level travel time spent in this place.
 C = Inter-level travel time spent in this place.
 D = Time resting spent in this place.
 E = Time spent auto-exploring this place.
 F = Levels seen in this place.
 G = Mean time per level.
                   A        B        C        D        E       F      G
               +--------+--------+--------+--------+--------+-----+--------+
         Total |   2612 |   2467 |    145 |      0 |   1949 |   4 |  653.0 |
       Dungeon |   2612 |   2467 |    145 |      0 |   1949 |   4 |  653.0 |
               +--------+--------+--------+--------+--------+-----+--------+

Top non-repeatable levels by time:
     D:3: 913 daAuts
     D:1: 861 daAuts
     D:2: 819 daAuts
     D:4: 17 daAuts
